 Dungeon Crawl Stone Soup version 0.25.1-2-g60ff931df9 (webtiles) character file.

Game seed: 4866259941567844969

10810 DogServant the Destroyer (level 11, -1/97 HPs)
             Began as a White Draconian Venom Mage on Nov 10, 2020.
             Was a Priest of Ashenzari.
             Killed from afar by Frances (34 damage)
             ... with a shard of ice
             ... on level 12 of the Dungeon.
             The game lasted 00:30:23 (15701 turns).

DogServant the Destroyer (DrVM)                    Turns: 15701, Time: 00:30:24

Health: -1/97      AC: 14    Str: 11      XL:     11   Next: 41%
Magic:  1/21       EV: 15    Int: 18      God:    Ashenzari [***...]
Gold:   281        SH:  0    Dex: 11 (12) Spells: 10/23 levels left

rFire    . . .     SeeInvis +   t - +1 quarterstaff (protect) (curse)
rCold    + . .     Gourm    .   (shield currently unavailable)
rNeg     . . .     Faith    .   (armour unavailable)
rPois    .         Spirit   .   (helmet restricted)
rElec    .         Reflect  .   (no cloak)
rCorr    .         Harm     .   (no gloves)
MR       .....     Clarity  +   (no boots)
Stlth    ++........             (no amulet)
HPRegen  0.26/turn              d - ring of wizardry (curse)
MPRegen  0.17/turn              (no ring)

@: protection aura
A: breathe frost, unfitting armour, clarity, cold resistance 1, robust 1, wild
magic 1, cold-blooded, AC +7
a: Breathe Frost, Curse Item, Scrying, Renounce Religion


You were on level 12 of the Dungeon.
You worshipped Ashenzari.
Ashenzari was most pleased with you.
You were near starving.

You visited 2 branches of the dungeon, and saw 13 of its levels.

You collected 596 gold pieces.
You spent 315 gold pieces at shops.

Inventory:

Hand Weapons
 a - a +0 dagger of electrocution
 t - a cursed +1 quarterstaff of protection (weapon)
Missiles
 h - 53 poisoned darts (quivered)
 E - 2 throwing nets
Armour
 x - a +0 buckler
Jewellery
 d - a cursed ring of wizardry (left hand)
 w - an uncursed ring of wizardry
Wands
 n - a wand of disintegration (13)
 s - a wand of clouds (3)
 F - a wand of flame (31)
 G - a wand of random effects (17)
Scrolls
 c - a scroll of amnesia
 g - 4 scrolls of remove curse
 k - 3 scrolls of fear
 q - a scroll of random uselessness
 r - a scroll of teleportation
 v - 3 scrolls of magic mapping
 y - 3 scrolls of immolation {unknown}
 A - a scroll of identify
 B - a scroll of enchant weapon
 D - 2 scrolls of enchant armour {unknown}
Potions
 e - 2 potions of flight
 f - a potion of haste
 i - 2 potions of stabbing
 j - 2 potions of lignification
 l - 4 potions of invisibility
 m - 6 potions of curing
 o - a potion of heal wounds
 p - 2 potions of brilliance
 u - 2 potions of resistance {unknown}
Miscellaneous
 z - a phial of floods
Comestibles
 b - 15 rations


   Skills:
 - Level 6.0 Fighting
 + Level 2.0(4.8) Staves
 - Level 7.0 Dodging
 - Level 1.7 Stealth
 - Level 6.7 Spellcasting
 + Level 8.0 Conjurations
 - Level 2.3 Transmutations
 - Level 5.0 Fire Magic
 - Level 7.0 Air Magic
 + Level 6.5 Poison Magic


You had 10 spell levels left.
You knew the following spells:

 Your Spells              Type           Power        Failure   Level  Hunger
a - Sting                 Tmut/Pois      ####         1%          1    None
b - Poisonous Vapours     Pois/Air       #####.       1%          2    None
c - Ignite Poison         Fire/Tmut/Pois ####....     3%          3    ##.....
d - Mephitic Cloud        Conj/Pois/Air  #####...     1%          3    ##.....
e - Olgreb's Toxic Radia  Pois           #####...     4%          4    ####...

Your spell library contained the following spells:

 Spells                   Type           Power        Failure   Level  Hunger
 Animate Skeleton         Necr           N/A          6%          1    None
 Apportation              Tloc           #.....       6%          1    None
 Corona                   Hex            #......      6%          1    None
 Summon Small Mammal      Summ           #...         6%          1    None


Dungeon Overview and Level Annotations

Branches:
Dungeon (12/15)            Temple (1/1) D:4            Lair (0/6) D:11
    Orc (0/2) D:11

Altars:
Ashenzari
Cheibriados
Dithmenos
Elyvilon
Fedhas
Gozag
Hepliaklqana
Kikubaaqudgha
Makhleb
Nemelex Xobeh
Okawaru
Qazlal
Ru
Sif Muna
Trog
Uskayaw
Vehumet
Wu Jian
Xom
Yredelemnul
Zin
The Shining One

Shops:
D:9 }

Annotations:
D:8 1 exclusion
D:10 exclusion: door
D:11 exclusion: cyclops
D:12 Frances


Innate Abilities, Weirdness & Mutations

You can breathe waves of freezing cold.
You can buffet flying creatures when you breathe cold.
Your icy white scales are hard. (AC +7)
You cannot fit into any form of body armour.
Your flesh is cold resistant. (rC+)
You are cold-blooded and may be slowed by cold attacks.
You possess an exceptional clarity of mind.
You are robust. (+10% HP)
Your spells are a little harder to cast, but a little more powerful.


Message History

Frances looks as sick as possible!
Frances is heavily wounded.
Frances hits you but does no damage.
Casting: Sting (safe; 1% risk of failure)
Confirm with . or Enter, or press ? or * to list all spells.
You don't have enough magic to cast that spell.
Unknown command.
Okay, then.
Frances misses you.
Frances screams a word of power!
The shard of ice misses you.
You closely miss Frances.
Frances is heavily wounded.
Frances closely misses you.
You sock Frances!
Your weapon exudes an aura of protection.
Frances is severely wounded.
Frances chants phrases taken from a devil's mouth.
The shard of ice hits you!! You partially resist.
You die...

#........#
**
#........
* #.....@.
,
#...)..,,
, .....,,,
* #..# * *
** #(# * *
, #@## ,
#@.# * *
##(## *,,
, , #..#
*,, ,
##.## , *
#..# *, ,
, ,* ##.#
* ** * , *
* #.# ,, ,
#.# , , *
, #(##,, *


You could see Frances (fast, very poisoned).

Vanquished Creatures
  3 two-headed ogres
  A queen ant (D:11)
  Pikel (D:4)
  Prince Ribbit (D:6)
  2 hippogriffs
  Eustachio (D:5)
  3 wargs (D:11)
  Menkaure (D:4)
  20 soldier ants
  Duvessa (D:5)
  An ice beast (D:10)
  4 orc warriors
  5 sky beasts
  4 black bears
  A centaur (D:12)
  2 ogres
  A necrophage (D:9)
  A big kobold (D:10)
  4 bullfrogs
  Dowan (D:5)
  2 scorpions
  7 wights
  A howler monkey (D:5)
  5 crimson imps
  2 hounds
  A quasit (D:11)
  A jelly (D:7)
  8 orc priests
  A centaur skeleton (D:11)
  Natasha (thrice) (D:2)
  2 iguanas
  6 orc wizards
  31 worker ants
  Terence (D:2)
  A hound skeleton (D:4)
  A mummy (D:8)
  11 gnolls
  14 adders
  An ooze (D:1)
  An adder skeleton (D:4)
  5 worms
  2 dart slugs
  8 leopard geckos
  34 orcs
  2 ball pythons
  11 bats
  3 giant cockroaches
  5 hobgoblins
  9 jackals
  2 quokkas
  6 frilled lizards
  9 goblins
  15 kobolds
  2 leopard gecko skeletons
  A quokka zombie (D:5)
  6 rats
278 creatures vanquished.

Vanquished Creatures (others)
  A slave (D:4)
  A hound (D:4)
  An orc (D:4)
3 creatures vanquished.

Grand Total: 281 creatures vanquished

Notes
Turn   | Place    | Note
-------+----------+-------------------------------------------
     0 | D:1      | DogServant the Draconian Venom Mage began the quest for the
                  | Orb.
     0 | D:1      | Reached XP level 1. HP: 14/14 MP: 3/3
   203 | D:1      | Reached XP level 2. HP: 14/20 MP: 0/5
   708 | D:1      | Reached XP level 3. HP: 13/26 MP: 1/6
   829 | D:1      | Learned a level 2 spell: Poisonous Vapours
   833 | D:1      | Learned a level 3 spell: Ignite Poison
  1388 | D:2      | Found a faded altar of an unknown god.
  1433 | D:2      | Noticed Terence
  1555 | D:2      | Killed Terence
  1555 | D:2      | Reached XP level 4. HP: 28/33 MP: 0/7
  1628 | D:2      | Noticed Natasha
  1638 | D:2      | Killed Natasha
  1814 | D:2      | Noticed Natasha
  1823 | D:2      | Killed Natasha
  1823 | D:2      | Reached skill level 5 in Poison Magic
  1835 | D:2      | Reached XP level 5. HP: 24/38 MP: 0/8
  1844 | D:2      | Noticed Natasha
  1872 | D:2      | Killed Natasha
  2991 | D:3      | Reached skill level 1 in Fire Magic
  2991 | D:3      | Reached skill level 1 in Air Magic
  3012 | D:3      | Reached XP level 6. HP: 37/45 MP: 0/9
  3956 | D:4      | Found a staircase to the Ecumenical Temple.
  3975 | Temple   | Entered the Ecumenical Temple
  4072 | Temple   | Learned a level 3 spell: Mephitic Cloud
  4077 | Temple   | Became a worshipper of Ashenzari the Shackled
  4136 | D:4      | Reached skill level 1 in Fighting
  4314 | D:4      | Noticed Menkaure
  4328 | D:4      | Killed Menkaure
  4328 | D:4      | Your scales start taking on an icy white colour.
  4328 | D:4      | Reached XP level 7. HP: 5/55 MP: 6/10
  4328 | D:4      | Gained mutation: Your flesh is cold resistant. (rC+) [White
                  | Draconian growth]
  4761 | D:4      | Found an ornate altar of the Wu Jian Council.
  4795 | D:4      | Noticed Pikel
  4814 | D:4      | Killed Pikel
  5079 | D:4      | Reached XP level 8. HP: 62/66 MP: 11/11
  5470 | D:5      | Entered Level 5 of the Dungeon
  5485 | D:5      | Noticed Eustachio
  5602 | D:5      | Killed Eustachio
  5931 | D:5      | Reached skill level 5 in Air Magic
  5946 | D:5      | Reached skill level 5 in Fighting
  6532 | D:5      | Noticed Duvessa
  6532 | D:5      | Noticed Dowan
  6543 | D:5      | Killed Duvessa
  6652 | D:5      | Killed Dowan
  6990 | D:5      | Reached XP level 9. HP: 39/75 MP: 1/12
  7273 | D:5      | Reached skill level 1 in Conjurations
  7401 | D:5      | Gained mutation: Your spells are a little harder to cast,
                  | but a little more powerful. [potion of mutation]
  7401 | D:5      | Gained mutation: You possess an exceptional clarity of
                  | mind. [potion of mutation]
  7401 | D:5      | Gained mutation: You are robust. (+10% HP) [potion of
                  | mutation]
  7513 | D:6      | Reached skill level 5 in Fire Magic
  7571 | D:6      | Noticed Prince Ribbit
  7579 | D:6      | Killed Prince Ribbit
  7579 | D:6      | Reached skill level 2 in Conjurations
  8137 | D:7      | Reached skill level 3 in Conjurations
  8338 | D:7      | Reached * piety under Ashenzari
  8825 | D:7      | Learned a level 4 spell: Olgreb's Toxic Radiance
 10224 | D:8      | Reached skill level 4 in Conjurations
 10587 | D:9      | Found Kusaiw's Gadget Shop.
 10607 | D:9      | Bought a wand of clouds (3) for 315 gold pieces
 11103 | D:9      | Reached ** piety under Ashenzari
 11373 | D:10     | Entered Level 10 of the Dungeon
 11396 | D:10     | Reached XP level 10. HP: 83/91 MP: 11/15
 11675 | D:10     | Noticed a two-headed ogre
 11687 | D:10     | Killed a two-headed ogre
 11687 | D:10     | Reached skill level 5 in Conjurations
 12767 | D:11     | Found a staircase to the Orcish Mines.
 12787 | D:11     | Noticed a two-headed ogre
 12797 | D:11     | Killed a two-headed ogre
 12797 | D:11     | Reached skill level 5 in Dodging
 12797 | D:11     | Reached skill level 5 in Spellcasting
 12797 | D:11     | Reached skill level 6 in Conjurations
 13116 | D:11     | Noticed a queen ant
 13131 | D:11     | Killed a queen ant
 13131 | D:11     | Reached skill level 7 in Conjurations
 13290 | D:11     | Reached XP level 11. HP: 96/97 MP: 12/20
 13941 | D:11     | Noticed a two-headed ogre
 13947 | D:11     | Killed a two-headed ogre
 13947 | D:11     | Reached skill level 1 in Staves
 14641 | D:11     | Found a staircase to the Lair.
 14667 | D:11     | Reached *** piety under Ashenzari
 14986 | D:11     | Reached skill level 8 in Conjurations
 15687 | D:12     | Noticed Frances
 15701 | D:12     | Killed from afar by Frances

Illustrated notes

Levels and vault maps discovered:
D:1:      tarquinn_simple_flora_water_d, layout_loops_ring
D:2:      layout_rooms, chequers_ecumenical_altar_simple_redux, uniq_natasha,
          uniq_terence
D:3:      layout_rooms, first_ration, solitary_fountain
D:4:      kennysheep_six_static_rooms, layout_basic, kennysheep_mini_moat,
          temple_pool_b, uniq_menkaure, uniq_pikel
D:5:      layout_basic, uniq_eustachio, uniq_duvessa
D:6:      layout_rooms, uniq_prince_ribbit1
D:7:      layout_loops_corners
D:8:      layout_loops_corners, gup_ossuary_entry_pyramid
D:9:      layout_cave_pools, serial_shops, nicolae_shop_waterfront
D:10:     layout_roguey, nicolae_trove_entry_path_of_doom, grunt_ogre_cave,
          moated_statue
D:11:     layout_loops_corners, erik_lair_orcish_takeover, orc_0_dummy,
          gauntlet_entry_generic, minivault_29
D:12:     minmay_polygon_palace, layout_basic, kennysheep_donut,
          kennysheep_small_spiral, uniq_nergalle, uniq_frances
Temple:   dpeg_three_leaves_temple

Skill      XL: |  1  2  3  4  5  6  7  8  9 10 11 |
---------------+----------------------------------+-----
Transmutations | 2 |  2.3
Poison Magic   | 4 5 6 |  6.5
Fire Magic     | 1 2 3 4 5 |  5.0
Air Magic      | 1 2 4 5 7 |  7.0
Fighting       | 2 3 6 |  6.0
Conjurations   | 4 7 8 |  8.0
Dodging        | 3 6 7 |  7.0
Spellcasting   | 3 6 |  6.7
Staves         | 2 |  2.0
Stealth        | |  1.7

Action                   |  1- 3 |  4- 6 |  7- 9 | 10-12 || total
-------------------------+-------+-------+-------+-------++-------
Melee: Unarmed           |    85 |    33 |       |       ||   118
       Tailslap          |    11 |     8 |    28 |    17 ||    64
       Dagger            |       |   122 |   115 |       ||   237
       Quarterstaff      |       |       |   204 |   129 ||   333
Throw: Dart              |       |     1 |       |     1 ||     2
 Cast: Sting             |    47 |    79 |   116 |    65 ||   307
       Poisonous Vapours |     3 |    15 |    36 |    19 ||    73
       Ignite Poison     |       |       |    21 |    20 ||    41
       Olgreb's Toxic Ra |       |       |     1 |    16 ||    17
       Mephitic Cloud    |       |       |     1 |     5 ||     6
Invok: Curse Item        |       |       |     2 |       ||     2
 Abil: Breathe Frost     |       |       |     7 |     1 ||     8
  Use: Scroll            |     2 |     2 |    13 |     2 ||    19
       Potion            |       |     3 |     1 |       ||     4
 Stab: Sleeping          |       |     1 |     1 |     1 ||     3
  Eat: Chunk             |     3 |     8 |    14 |     9 ||    34
       Ration            |       |     1 |     5 |     2 ||     8
Armor: Skin              |    43 |    59 |   143 |    57 ||   302
Dodge: Dodged            |    89 |   166 |   275 |   171 ||   701
